 Dungeon Sprint DCSS version 0.21-a0-221-gfe971b9 (webtiles) character file.

63 Kidiri the Skirmisher (level 4, -7/66 HPs)
             Began as a Hill Orc Abyssal Knight on Aug 25, 2017.
             Was an Elder of Lugonu.
             Mangled by a two-headed ogre
             ... wielding a +0 giant club
              (15 damage)
             ... in the Dungeon (Sprint IX: "|||||||||||||||||||||||||||||").
             The game lasted 00:01:51 (511 turns).

Kidiri the Skirmisher (Hill Orc Abyssal Knight)      Turns: 511, Time: 00:01:52

Health: -7/66      AC: 23    Str: 20    XL:     4   Next: 9%
Magic:  7/7        EV:  8    Int: 12    God:    Lugonu [****..]
Gold:   0          SH:  0    Dex: 10    Spells: 3/3 levels left

rFire    . . .     SeeInvis .   a - +2 morningstar (protect)
rCold    . . .     Gourm    .   (no shield)
rNeg     . . .     Faith    .   b - +1 chain mail
rPois    .         Spirit   .   (no helmet)
rElec    .         Reflect  .   o - +0 cloak
rCorr    .         Harm     .   p - +0 pair of gloves
MR       .....     NoTele   +   (no boots)
Stlth    ..........             (no amulet)
HPRegen  0.21/turn              q - +2 ring of protection
MPRegen  0.10/turn              r - +2 ring of protection

@: berserking, protection aura, very quick
A: no striking features
a: Bend Space, Banish, Corrupt, Renounce Religion


You were in the Dungeon.
You worshipped Lugonu.
Lugonu was greatly pleased with you.
You were not hungry.

You visited 1 branch

Inventory:

Hand Weapons
 a - a +2 morningstar of protection (weapon)
Armour
 b - a +1 chain mail (worn)
 o - a +0 cloak (worn)
 p - a +0 pair of gloves (worn)
Jewellery
 q - a +2 ring of protection (left hand)
 r - a +2 ring of protection (right hand)
Wands
 n - a wand of lightning (7/15)
Scrolls
 i - 2 scrolls of blinking
 l - 3 scrolls of remove curse
 m - 2 scrolls of amnesia
Potions
 d - 5 potions of curing
 e - a potion of invisibility
 f - a potion of haste
 g - 4 potions of magic
 k - 2 potions of heal wounds
Comestibles
 c - a bread ration


   Skills:
 * Level 6.1 Fighting
 + Level 3.6 Maces & Flails
 + Level 3.6 Armour
 * Level 3.4 Dodging
 + Level 4.2 Invocations


You had 3 spell levels left.
You didn't know any spells.

Dungeon Overview and Level Annotations

Branches:
Dungeon (1/1)

Altars:
Cheibriados
Dithmenos
Elyvilon
Fedhas
Gozag
Hepliaklqana
Kikubaaqudgha
Makhleb
Nemelex Xobeh
Okawaru
Qazlal
Ru
Sif Muna
Trog
Uskayaw
Vehumet
Wu Jian
Xom
Yredelemnul
Zin
The Shining One
Beogh
Jiyva
Lugonu


Message History

The two-headed ogre hits you but does no damage.
Unknown command.
A red film seems to cover your vision as you go berserk!
You feel yourself moving faster!
You feel mighty!
The two-headed ogre hits you with a giant club!
* * * LOW HITPOINT WARNING * * *
The two-headed ogre hits you with a giant club!
* * * LOW HITPOINT WARNING * * *
Unknown command.
You barely miss the two-headed ogre.
The two-headed ogre is moderately wounded.
You thump the two-headed ogre!
The two-headed ogre is moderately wounded.
The two-headed ogre hits you with a giant club.
* * * LOW HITPOINT WARNING * * *
The two-headed ogre completely misses you.
You sock the two-headed ogre!
The two-headed ogre is severely wounded.
The two-headed ogre hits you with a giant club!
You die... ▓▓▓▓▓▓▓▓▓▓▓▓▓▓▓▓▓▓▓▓▓▓▓▓ _______'..|)..[.@O5sSJO. ▓▓▓▓▓▓▓▓▓▓▓▓▓▓▓▓▓▓▓▓▓▓▓▓

You could see a two-headed ogre, an ogre, a scorpion, a jelly, a crimson imp and an adder.

Vanquished Creatures
  A crimson imp (D)
  An adder (D)
  A shadow imp (D)
  A worm (D)
  A dart slug (D)
  3 goblins (D)
  A hobgoblin (D)
  A quokka (D)
10 creatures vanquished.

Notes
Turn   | Place    | Note
-------+----------+-------------------------------------------
     0 | D        | Kidiri the Hill Orc Abyssal Knight began the quest for the Orb.
     0 | D        | Reached XP level 1. HP: 19/19 MP: 2/2
     7 | D        | Reached skill level 4 in Fighting
     7 | D        | Reached skill level 1 in Dodging
    12 | D        | Reached ** piety under Lugonu
    18 | D        | Reached XP level 2. HP: 9/28 MP: 4/4
   223 | D        | Noticed a crimson imp
   237 | D        | Killed a crimson imp
   237 | D        | Reached *** piety under Lugonu
   237 | D        | Reached skill level 5 in Fighting
   237 | D        | Reached XP level 3. HP: 23/37 MP: 5/5
   254 | D        | Reached skill level 6 in Fighting
   260 | D        | Reached **** piety under Lugonu
   260 | D        | Reached XP level 4. HP: 10/44 MP: 7/7
   270 | D        | Found a roughly hewn altar of Beogh.
   270 | D        | Found a snail-covered altar of Cheibriados.
   270 | D        | Found a shadowy altar of Dithmenos.
   270 | D        | Found a white marble altar of Elyvilon.
   270 | D        | Found a blossoming altar of Fedhas.
   270 | D        | Found an opulent altar of Gozag.
   271 | D        | Found a hazy altar of Hepliaklqana.
   272 | D        | Found a viscous altar of Jiyva.
   273 | D        | Found an ancient bone altar of Kikubaaqudgha.
   274 | D        | Found a corrupted altar of Lugonu.
   275 | D        | Found a burning altar of Makhleb.
   276 | D        | Found a sparkling altar of Nemelex Xobeh.
   277 | D        | Found an iron altar of Okawaru.
   278 | D        | Found a stormy altar of Qazlal.
   279 | D        | Found a sacrificial altar of Ru.
   280 | D        | Found a deep blue altar of Sif Muna.
   281 | D        | Found a bloodstained altar of Trog.
   282 | D        | Found a hide-covered altar of Uskayaw.
   283 | D        | Found a radiant altar of Vehumet.
   284 | D        | Found an ornate altar of the Wu Jian Council.
   285 | D        | Found a shimmering altar of Xom.
   286 | D        | Found a basalt altar of Yredelemnul.
   287 | D        | Found a glowing silver altar of Zin.
   288 | D        | Found a glowing golden altar of the Shining One.
   500 | D        | Noticed a two-headed ogre
   500 | D        | Noticed an ogre
   511 | D        | Mangled by a two-headed ogre

Vault maps used:
D:        linesprint

Skill      XL: |  1  2  3 |
---------------+----------+-----
Fighting       | 4 5 6 |  6.1
Dodging        | 1 2 3 |  3.4
Maces & Flails | 3 |  3.6
Armour         | 3 |  3.6
Invocations    | 3 4 |  4.2

Action                   |  1- 3 |  4- 6 || total
-------------------------+-------+-------++-------
Melee: Mace              |    49 |       ||    49
       Morningstar       |       |    10 ||    10
  Use: Potion            |     1 |     1 ||     2
Armor: Leather armour    |     8 |       ||     8
       Chain mail        |       |     3 ||     3
Dodge: Dodged            |    26 |     3 ||    29

Table legend:
 A = Spawn XP
 B = Non-spawn XP
 C = Spawn XP percentage of total XP
 D = Spawn monster count
 E = Non-spawn monster count
 F = Spawn count percentage of total count
 G = Total turns spent on level
                    A         B        C        D         E        F      G
               +---------+---------+-------+---------+---------+-------+---------
         Total |       0 |      90 |   0.0 |       0 |      10 |   0.0 |   511
               +---------+---------+-------+---------+---------+-------+---------
             D |       0 |      90 |   0.0 |       0 |      10 |   0.0 |   511
               +---------+---------+-------+---------+---------+-------+---------
